 Dungeon Crawl Stone Soup version 0.29-a0-892-g2c4c91d9db (webtiles) character file.

Game seed: 2113656352163998514

78747 reriks the Bludgeoner (level 15, -19/97 HPs)
             Began as a Gargoyle Fighter on July 23, 2022.
             Was a High Priest of Makhleb.
             Demolished by a radroach (53 damage)
             ... on level 1 of the Spider Nest.
             The game lasted 01:13:40 (41438 turns).

reriks the Bludgeoner (Gargoyle Fighter)           Turns: 41438, Time: 01:13:41

Health: -19/97     AC: 30    Str: 30    XL:     15   Next: 61%
Magic:  21/21      EV:  9    Int: 10    God:    Makhleb [*****.]
Gold:   2406       SH: 28    Dex: 13    Spells: 14/14 levels left

rFire   + + +      SeeInvis .   P - +4 morningstar
rCold   . . .      Faith    .   z - +2 tower shield of Aboelewn {rF++}
rNeg    + . .      Spirit   .   V - +3 chain mail {rF+}
rPois   ∞          Reflect  +   (helmet restricted)
rElec   +          Harm     .   (no cloak)
rCorr   .          Rampage  .   W - +0 pair of gloves
Will    ++...                   w - +0 pair of boots
Stlth   ..........              h - amulet of reflection
HPRegen 0.26/turn               K - +6 ring of strength
MPRegen 0.17/turn               i - ring "Idiemat" {Will+ Str+2}

@: flying, slightly contaminated
A: sickness immunity, AC +11, big wings, negative energy resistance 1,
electricity resistance, torment resistance 1, petrification resistance, antennae
1, large bone plates 1, MP-powered wands
a: Renounce Religion, Minor Destruction, Lesser Servant of Makhleb, Major
Destruction, Greater Servant of Makhleb


You were on level 1 of the Spider Nest.
You worshipped Makhleb.
Makhleb was extremely pleased with you.
You visited 6 branches of the dungeon, and saw 25 of its levels.
You also visited: Ice Cave.

You collected 2469 gold pieces.
You spent 63 gold pieces at shops.

Inventory:

Hand Weapons
 P - a +4 morningstar (weapon)
Missiles
 k - 2 throwing nets
 S - 7 boomerangs (quivered)
 U - a silver boomerang
Armour
 w - a +0 pair of boots (worn)
 z - the +2 tower shield of Aboelewn (worn) {rF++}
   (You acquired it on level 4 of the Lair of Beasts)

   rF:        It greatly protects you from fire.
 V - a +3 chain mail of fire resistance (worn)
 W - a +0 pair of gloves (worn)
Jewellery
 h - an amulet of reflection (around neck)
 i - the ring "Idiemat" (right hand) {Will+ Str+2}
   (You acquired it on level 15 of the Dungeon)

   [ring of willpower]

   Str:       It affects your strength (+2).
   Will:      It increases your willpower.
 n - a ring of protection from fire
 r - a +6 ring of strength
 v - a +6 ring of intelligence
 F - a +6 ring of strength
 K - a +6 ring of strength (left hand)
 L - an amulet of magic regeneration
 M - an amulet of regeneration
 N - an amulet of the acrobat
Wands
 a - a wand of acid (6)
 j - a wand of mindburst (5)
 t - a wand of paralysis (13)
 A - a wand of digging (12)
 B - a wand of polymorph (17)
 J - a wand of roots (6)
 O - a wand of flame (21)
Scrolls
 d - 4 scrolls of noise
 e - 14 scrolls of teleportation
 q - 3 scrolls of magic mapping
 x - 3 scrolls of blinking
 y - 4 scrolls of amnesia
 E - a scroll of poison
 H - 5 scrolls of identify
 I - 2 scrolls of fear
Potions
 b - 3 potions of cancellation
 c - a potion of invisibility
 f - 10 potions of degeneration
 g - 7 potions of heal wounds
 l - 3 potions of flight
 m - a potion of might
 o - 2 potions of ambrosia
 p - 2 potions of lignification
 s - 7 potions of curing
 u - a potion of magic
 D - 3 potions of haste
 G - 2 potions of berserk rage


   Skills:
 + Level 12.8 Fighting
 * Level 15.9 Maces & Flails
 + Level 12.8 Armour
 + Level 6.6 Dodging
 + Level 12.8 Shields
 + Level 9.1 Invocations


You had 14 spell levels left.
You didn't know any spells.
Your spell library contained the following spells:

 Spells                   Type           Power      Damage    Failure   Level
 Necrotise                Necr           0%         1d4       99%         1
 Ensorcelled Hibernation  Hex/Ice        0%         N/A       100%        2
 Passwall                 Tmut/Erth      0%         N/A       100%        2
 Dazzling Flash           Conj/Hex       0%         N/A       100%        3
 Frozen Ramparts          Ice            0%         1d2       100%        3
 Stone Arrow              Conj/Erth      0%         3d7       100%        3
 Swiftness                Air            0%         N/A       100%        3
 Vampiric Draining        Necr           0%         2d6       100%        3
 Airstrike                Air            0%         0-1+      100%        4
 Animate Armour           Summ/Erth      0%         N/A       100%        4
 Fulminant Prism          Conj/Hex       0%         3d6       100%        4
 Ice Form                 Ice/Tmut       0%         N/A       100%        4
 Iskenderun's Mystic Bla  Conj/Tloc      0%         2d3       100%        4
 Summon Ice Beast         Ice/Summ       0%         N/A       100%        4
 Summon Lightning Spire   Summ/Air       0%         N/A       100%        4
 Agony                    Necr           0%         N/A       100%        5
 Fireball                 Conj/Fire      0%         3d3       100%        5
 Lee's Rapid Deconstruct  Erth           0%         3d5*      100%        5
 Lightning Bolt           Conj/Air       0%         1d11      100%        5
 Starburst                Conj/Fire      0%         6d3       100%        6
 Ignition                 Fire           0%         3d3       100%        8
 Lehudib's Crystal Spear  Conj/Erth      0%         10d2      100%        8


Dungeon Overview and Level Annotations

Branches:
Dungeon (15/15)            Temple (0/1) D:4            Lair (4/5) D:9
  Swamp (2/4) Lair:2       Spider (1/4) Lair:3        Slime (0/5) Lair:4
    Orc (2/2) D:10            Elf (0/3) Orc:2        Vaults (0/5) D:14
 Depths (1/4) D:15          IceCv (visited)

Altars:
Ashenzari
Cheibriados
Dithmenos
Gozag
Hepliaklqana
Makhleb
Nemelex Xobeh
Qazlal
Sif Muna
Vehumet
Xom
Zin
Jiyva

Shops:
D:5 *   D:7 (

Annotations:
D:4 Blork the orc
D:6 2 transporters, greenreed's ghost, amateur FeSu
Lair:4 Kirke
Orc:2 Donald


Innate Abilities, Weirdness & Mutations

You are immune to sickness and miasma.
Your stone body is resilient. (AC +11)
You are immune to poison.
Your large and strong wings let you fly.
You resist negative energy. (rN+)
You are resistant to electric shocks. (rElec)
You are resistant to unholy torment.
You are immune to petrification.
You have a pair of small antennae on your head.
You are partially covered in large bone plates. (SH +4)
You expend magic power (3 MP) to strengthen your wands.


Message History

No target in view!
Found a stone staircase leading down.
There is a stone staircase leading down here.
A radroach comes into view.
A radroach is nearby!
No target in view!
No target in view!
The radroach erupts in a fountain of uncontrolled magic!
You are blasted with magical radiation!
You are very lightly contaminated with residual magic.
You thump the radroach!
The radroach is lightly wounded.
The radroach erupts in a fountain of uncontrolled magic!
You are blasted with magical radiation!!!
You are lightly contaminated with residual magic.
You are too injured to fight recklessly!
You are too injured to fight recklessly!
You impale the radroach!!
The radroach is heavily wounded.
You hear a faint skittering sound.
A culicivora comes into view.
You block the radroach's attack.
The radroach claws you but does no damage.
The culicivora's many legs skitter faintly.
You sock the radroach!
The radroach is heavily wounded.
You block the radroach's attack. x2
You hit the radroach but do no damage.
The radroach is heavily wounded.
The radroach barely misses you. You block the radroach's attack.
You barely miss the radroach.
The radroach is heavily wounded.
You block the radroach's attack. x2
You barely miss the radroach.
The radroach is heavily wounded.
The culicivora bites you.
The radroach erupts in a fountain of uncontrolled magic!
You are blasted with magical radiation!!!
Ouch! That really hurt!
You die...

,,,,,,,,,,^,,,,,,,,**,**,,,,##^*#
,,,,,,,,,,,,,,,,,,,,,,**,,,,...##
*,**,*,**,,,,**,,,,,,,,,,,,,.....
***********##,,,,,,,,^,,,,,,,,...
#..*,,**,*,######***#.
*#^#########.#^.####*#
*,#......##..##....###
###.#B#s.##....#...#..#
*#.....@............#...
#.................#.....
#.......................
*#..#.........^....#†....
**......#......#^.###.....
*,...#.####...#####.....#.
*,..###*#....##[#.........
*,.#**###..^........^.....
**,,,*#....#..............


You could see a radroach and a culicivora.

Vanquished Creatures
  An orc warlord (D:10)
  A stone giant (Depths:1)
  Nessos (D:14)
  A crystal guardian (D:14)
  2 hydras
  A boulder beetle (Spider:1)
  A jorogumo (Spider:1)
  2 catoblepae
  5 centaur warriors
  6 two-headed ogres
  2 alligators
  An orc high priest (Orc:1)
  5 death yaks
  2 goliath frogs (Swamp:1)
  Lodul (D:14)
  A bog body (Swamp:1)
  A lindwurm (Lair:1)
  2 wizards (D:14)
  2 necromancers
  2 flayed ghosts (D:14)
  2 orc knights
  2 deep elf zephyrmancers (D:15)
  3 orc sorcerers
  A wolf spider (Spider:1)
  10 ugly things
  7 cyclopes
  3 manticores
  A centaur zombie (D:15)
  12 elephants
  A naga mage (D:15)
  6 black mambas
  3 unseen horrors
  A centaur skeleton (D:15)
  8 cane toads
  Maggie (D:10)
  A yaktaur (D:14)
  A freezing wraith (D:14)
  10 komodo dragons
  2 tyrant leeches (Swamp:1)
  2 hornets (Swamp:1)
  6 trolls
  3 tarantellas (Spider:1)
  Grinder (D:6)
  10 dream sheep
  13 blink frogs
  3 slime creatures (D:14)
  Sigmund (D:4)
  3 jumping spiders (Spider:1)
  2 centaur simulacra (D:14)
  2 spriggans (Swamp:1)
  3 culicivoras (Spider:1)
  2 vampires
  3 hogs
  Eustachio (D:6)
  5 wyverns
  27 yaks
  2 steam dragons
  3 basilisks
  2 wraiths
  3 redbacks
  10 vampire mosquitoes
  3 swamp worms (Swamp:1)
  Edmund (D:3)
  Menkaure (D:6)
  3 wargs (Orc:1)
  Duvessa (D:6)
  2 acid dragons
  12 water moccasins
  2 hell hounds (Orc:1)
  A floating eye (Depths:1)
  29 orc warriors
  A black bear (Lair:2)
  3 sky beasts
  3 swamp drakes (Swamp:1)
  3 ice beasts (D:6)
  13 ogres
  14 centaurs
  3 phantoms
  2 kobold brigands
  A gnoll sergeant (D:9)
  2 necrophages
  19 bullfrogs
  6 scorpions
  A hornet simulacrum (D:15)
  5 wights (D:9)
  Dowan (D:6)
  8 killer bees
  3 electric eels
  6 howler monkeys
  3 hounds
  21 orc priests
  4 jellies
  Terence (D:2)
  3 iguanas
  Ijyb (D:5)
  26 orc wizards
  A mummy (D:9)
  5 gnolls
  6 adders
  A shadow imp (D:7)
  3 white imps
  An ufetubus (D:6)
  2 worms
  5 dart slugs
  70 orcs
  8 ball pythons
  5 endoplasms
  2 giant cockroaches
  7 goblins
  15 hobgoblins
  3 jackals (D:5)
  13 kobolds
  2 quokkas
  5 bats
  5 frilled lizards
  7 rats
596 creatures vanquished.

Vanquished Creatures (collateral kills)
  Frances (D:12)
1 creature vanquished.

Vanquished Creatures (others)
  A bloated husk (Swamp:2)
  2 orc wizards
  4 orcs
  68 fungi
  71 plants
146 creatures vanquished.

Grand Total: 743 creatures vanquished

Notes
Turn   | Place    | Note
-------+----------+-------------------------------------------
     0 | D:1      | reriks the Gargoyle Fighter began the quest for the Orb.
     0 | D:1      | Reached XP level 1. HP: 14/14 MP: 1/1
   225 | D:1      | Reached XP level 2. HP: 19/19 MP: 2/2
  1041 | D:1      | Reached XP level 3. HP: 23/23 MP: 3/3
  1368 | D:2      | Found a faded altar of an unknown god.
  1485 | D:2      | Reached skill level 3 in Maces & Flails
  1485 | D:2      | Reached XP level 4. HP: 4/29 MP: 4/4
  2620 | D:2      | Noticed Terence
  2634 | D:2      | Killed Terence
  2635 | D:2      | Reached XP level 5. HP: 27/33 MP: 5/5
  3913 | D:3      | Gained mutation: Your large and strong wings let you fly.
                  | [potion of mutation]
  4422 | D:4      | Noticed Edmund
  4478 | D:3      | Reached skill level 4 in Maces & Flails
  4478 | D:3      | Reached XP level 6. HP: 28/38 MP: 6/6
  4498 | D:4      | Noticed Blork the orc
  4623 | D:3      | Killed Edmund
  4808 | D:4      | Identified the +1 ring mail of Pessimism {Int+7}
  4833 | D:4      | Noticed Sigmund
  4853 | D:4      | Killed Sigmund
  4854 | D:4      | Reached skill level 5 in Maces & Flails
  4854 | D:4      | Reached XP level 7. HP: 19/44 MP: 7/7
  5563 | D:4      | Lost mutation: Your large and strong wings let you fly.
                  | [potion of mutation]
  5563 | D:4      | Gained mutation: You have a pair of small antennae on your
                  | head. [potion of mutation]
  5563 | D:4      | Gained mutation: You expend magic power (3 MP) to
                  | strengthen your wands. [potion of mutation]
  5563 | D:4      | Gained mutation: You are partially covered in large bone
                  | plates. (SH +4) [potion of mutation]
  5570 | D:4      | Found a shadowy altar of Dithmenos.
  5578 | D:4      | Found a burning altar of Makhleb.
  5578 | D:4      | Found a sparkling altar of Nemelex Xobeh.
  5589 | D:4      | Became a worshipper of Makhleb the Destroyer
  5608 | D:4      | Reached skill level 5 in Armour
  5608 | D:4      | Reached skill level 5 in Shields
  5945 | D:4      | Reached skill level 5 in Fighting
  6248 | D:4      | Found a staircase to the Ecumenical Temple.
  6356 | D:5      | Entered Level 5 of the Dungeon
  6360 | D:5      | Found Icighoe's General Store.
  6726 | D:5      | Noticed Ijyb
  6749 | D:5      | Paralysed by Ijyb for 4 turns
  6756 | D:5      | Killed Ijyb
  6956 | D:5      | Reached XP level 8. HP: 48/49 MP: 8/8
  7019 | D:5      | Reached skill level 6 in Maces & Flails
  7245 | D:5      | Reached * piety under Makhleb
  7711 | D:6      | Noticed greenreed's ghost (amateur FeSu)
  7718 | D:6      | Found a transporter.
  7734 | D:6      | Noticed Eustachio
  7884 | D:6      | Killed Eustachio
  8000 | D:6      | Reached skill level 7 in Maces & Flails
  8120 | D:6      | Reached XP level 9. HP: 56/56 MP: 9/9
  8350 | D:6      | Found a radiant altar of Vehumet.
  8478 | D:6      | Noticed Menkaure
  8485 | D:6      | Killed Menkaure
  8686 | D:6      | Found a transporter.
  8717 | D:6      | Noticed Duvessa
  8717 | D:6      | Noticed Dowan
  8732 | D:6      | Killed Dowan
  8749 | D:6      | Killed Duvessa
  8927 | D:6      | Reached skill level 8 in Maces & Flails
  8967 | D:6      | Noticed Grinder
  8968 | D:6      | Paralysed by Grinder for 2 turns
  8971 | D:6      | Paralysed by Grinder for 2 turns
  9186 | D:6      | Killed Grinder
 10033 | D:7      | Reached XP level 10. HP: 63/63 MP: 10/10
 10163 | D:7      | Reached skill level 9 in Maces & Flails
 10262 | D:7      | Found Zaug's Weapon Shoppe.
 12338 | D:8      | Reached ** piety under Makhleb
 12660 | D:8      | Noticed an eight-headed hydra
 13535 | D:9      | Reached skill level 10 in Maces & Flails
 13684 | D:9      | Found a glowing silver altar of Zin.
 13698 | D:9      | Found a staircase to the Lair.
 14233 | D:9      | Found a snail-covered altar of Cheibriados.
 14312 | D:9      | Noticed a two-headed ogre
 15000 | D:10     | Entered Level 10 of the Dungeon
 15014 | D:10     | Reached XP level 11. HP: 69/69 MP: 11/11
 15252 | D:10     | Noticed a two-headed ogre
 15262 | D:10     | Killed a two-headed ogre
 15266 | D:10     | Reached skill level 11 in Maces & Flails
 16379 | D:10     | Reached *** piety under Makhleb
 16964 | D:10     | Noticed Maggie
 16968 | D:10     | Killed Maggie
 16969 | D:10     | Reached skill level 1 in Invocations
 17311 | D:10     | Found a staircase to the Orcish Mines.
 17320 | Orc:1    | Entered Level 1 of the Orcish Mines
 17320 | Orc:1    | Noticed an orc warlord
 17666 | D:11     | Noticed a two-headed ogre
 17674 | D:11     | Killed a two-headed ogre
 18010 | D:11     | Noticed a fire dragon
 18011 | D:11     | Noticed a green ugly thing
 18015 | D:11     | Noticed a deep elf pyromancer
 18025 | D:11     | Noticed a deep elf pyromancer
 18327 | D:11     | Reached skill level 1 in Dodging
 18476 | D:12     | Reached XP level 12. HP: 75/77 MP: 14/14
 18609 | D:12     | Reached **** piety under Makhleb
 18610 | D:12     | Reached skill level 12 in Maces & Flails
 18644 | D:12     | Noticed a two-headed ogre
 18665 | D:12     | Killed a two-headed ogre
 18993 | D:12     | Reached skill level 10 in Fighting
 19051 | D:12     | Reached skill level 10 in Armour
 19051 | D:12     | Reached skill level 10 in Shields
 19483 | D:12     | Noticed Frances
 19495 | D:12     | Noticed a soul eater
 19923 | D:12     | Noticed a sun demon
 19923 | D:12     | You fall into a shaft and drop 3 floors!
 19923 | D:15     | Entered Level 15 of the Dungeon
 20018 | D:13     | Noticed a centaur warrior
 20038 | D:14     | Killed a centaur warrior
 20074 | D:14     | Noticed a two-headed ogre
 20443 | D:13     | Killed a two-headed ogre
 20579 | D:13     | Noticed a centaur warrior
 20593 | D:13     | Killed a centaur warrior
 20831 | Lair:1   | Entered Level 1 of the Lair of Beasts
 21511 | Lair:1   | Reached skill level 5 in Invocations
 21794 | Lair:1   | Reached skill level 13 in Maces & Flails
 21958 | Lair:1   | Reached XP level 13. HP: 83/83 MP: 16/16
 22320 | Lair:1   | Found a stormy altar of Qazlal.
 22845 | Lair:2   | Found a staircase to the Swamp.
 26753 | Lair:2   | Reached skill level 14 in Maces & Flails
 27757 | Lair:3   | Found a hole to the Spider Nest.
 27800 | Lair:3   | Gained mutation: Your large and strong wings let you fly.
                  | [Gargoyle growth]
 27800 | Lair:3   | Reached XP level 14. HP: 90/90 MP: 19/19
 28386 | Lair:4   | Noticed Kirke
 28502 | Lair:3   | Reached ***** piety under Makhleb
 28915 | Lair:4   | Identified a scroll of acquirement
 28915 | Lair:4   | Acquired the +2 tower shield of Aboelewn {rF++}
 29216 | Lair:4   | Found a staircase to the Slime Pits.
 29217 | Lair:4   | Found a viscous altar of Jiyva.
 29428 | Lair:4   | Noticed a sphinx
 30466 | Orc:1    | Reached skill level 5 in Dodging
 30672 | Orc:2    | Entered Level 2 of the Orcish Mines
 32126 | Orc:2    | Found a staircase to the Elven Halls.
 32423 | Orc:2    | Noticed Donald
 34349 | D:10     | Killed an orc warlord
 34587 | D:5      | Bought a +0 pair of gloves for 63 gold pieces
 34744 | Swamp:1  | Entered Level 1 of the Swamp
 35771 | Swamp:1  | Reached skill level 15 in Maces & Flails
 35952 | Swamp:2  | Noticed an eleionoma
 36212 | D:9      | Found an opulent altar of Gozag.
 37726 | D:14     | Noticed Lodul
 37740 | D:14     | Killed Lodul
 37834 | D:14     | Reached XP level 15. HP: 97/97 MP: 21/21
 38036 | D:14     | Found a shimmering altar of Xom.
 38038 | D:14     | Found a shimmering altar of Xom.
 38038 | D:14     | Found a shimmering altar of Xom.
 38040 | D:14     | Found a broken altar of Ashenzari.
 38040 | D:14     | Found a hazy altar of Hepliaklqana.
 38040 | D:14     | Found a shimmering blue altar of Sif Muna.
 38729 | D:14     | Found a gate to the Vaults.
 38846 | D:14     | Noticed Nessos
 38865 | D:14     | Killed Nessos
 39939 | D:15     | Acquired the ring "Idiemat" {Will+ Str+2}
 40121 | D:15     | Found a staircase to the Depths.
 40393 | Depths:1 | Entered Level 1 of the Depths
 40396 | Depths:1 | Paralysed by a floating eye for 4 turns
 40631 | D:12     | Killed Frances
 41018 | Spider:1 | Entered Level 1 of the Spider Nest
 41239 | Spider:1 | Found a frozen archway.
 41255 | IceCv    | Entered an ice cave
 41256 | IceCv    | Noticed a balrug
 41438 | Spider:1 | Demolished by a radroach

Illustrated notes

Levels and vault maps discovered:
D:1:      saegor_arrival_simple_d, layout_basic
D:2:      layout_basic, shapermc_ecumenical_altar_mp_highgroup, uniq_terence
D:3:      minmay_recursive_quarters, layout_loops_cross
D:4:      layout_rooms, gammafunk_temple_overflow_forgotten, temple_fountains,
          uniq_blork_the_orc, uniq_sigmund, uniq_edmund
D:5:      layout_basic, serial_shops, shop, uniq_ijyb
D:6:      layout_basic, nicolae_vehumet_altar_sigil, gammafunk_ghost_arena,
          grunt_ministairs_9, bh_walls_and_bars, uniq_menkaure, uniq_eustachio,
          uniq_grinder, uniq_duvessa
D:7:      layout_loops_ring, serial_shops, nicolae_shop_bloodbath_and_beyond
D:8:      layout_basic
D:9:      layout_basic, pdpol_temple_overflow_zin_treasury_gozag_greed,
          slow_altar_1, due_lair_maze_entry_diamond
D:10:     layout_basic, erik_orc_2, grunt_ministairs_6, uniq_maggie
D:11:     layout_roguey, onia_ninara_dug_in_and_dangerous
D:12:     layout_stronghold, uniq_frances
D:13:     layout_cross
D:14:     minmay_containers, layout_basic, david_vaults_1, serial_glass,
          glass_columns_a, glass_columns_c, palyth_stone_intersect,
          doesnt_xom_only_xom, uniq_lodul, uniq_nessos
D:15:     grunt_enter_depths_magical_seal, layout_small_grid,
          ebering_dispersal_statue_hall
Lair:1:   layout_gridlike, basic_altar, hangedman_lair_generics_rect,
          lemuel_fruit_fields, grunt_megastairs_2
Lair:2:   layout_layer_cave, minmay_swamp_entry_swarm, beast_lair_carwin_4
Lair:3:   layout_chaotic_city, spider_nest_entry_rubble, lemuel_fruit_tree
Lair:4:   layout_long_grid, nicolae_slime_entry_slimehenge, uniq_kirke
Swamp:1:  layout_basic_swamp, serial_swamp_ruin, evilmike_swamp_ruin_rubble_1,
          evilmike_swamp_ruin_house_5, evilmike_swamp_ruin_house_1, swamp_pool3
Swamp:2:  nicolae_swamp_husk_halls, layout_basic_swamp,
          evilmike_swamp_ruin_house_4, infiniplex_staircase_pool
Spider:1: layout_spider_delve, portal_ice_cave_entry_pillars_four,
          hangedman_spider_tarantella_strand
Orc:1:    layout_caves, basic_altar
Orc:2:    pf_orc_diabolical, layout_caves, hangedman_minor_magic, uniq_azrael,
          uniq_donald
Depths:1: minmay_glassy_protrusions, layout_cave_shapes,
          hangedman_abyss_entry_splay, nicolae_qazlal_eye_of_the_storm,
          hell_entry, gammafunk_ghost_wrathful_warriors, feat_on_display

Skill      XL: |  1  2  3  4  5  6  7  8  9 10 11 12 13 14 15 |
---------------+----------------------------------------------+-----
Maces & Flails | 3 4 5 7 8 10 11 13 14 15 | 15.9
Armour         | 4 5 6 7 8 9 10 11 12 | 12.8
Fighting       | 4 5 6 7 8 9 10 11 12 | 12.8
Shields        | 4 5 6 7 8 9 10 11 12 | 12.8
Invocations    | 3 5 6 8 9 |  9.1
Dodging        | 1 3 4 5 6 |  6.6

Action                   |  1- 3 |  4- 6 |  7- 9 | 10-12 | 13-15 || total
-------------------------+-------+-------+-------+-------+-------++-------
Melee: Flail             |    99 |    65 |   345 |  1042 |   592 ||  2143
       Dagger            |       |   118 |   110 |       |       ||   228
       Morningstar       |       |       |       |       |   914 ||   914
       Trident           |       |       |       |       |    20 ||    20
Throw: Boomerang         |       |       |       |       |     3 ||     3
Invok: Lesser Servant of |       |       |       |       |     6 ||     6
       Major Destruction |       |       |       |       |     4 ||     4
       Minor Destruction |       |       |       |       |     2 ||     2
       Greater Servant o |       |       |       |       |     2 ||     2
Evoke: Wand              |       |       |       |    17 |    11 ||    28
  Use: Scroll            |     1 |     4 |     5 |     5 |    16 ||    31
       Potion            |     1 |     3 |     1 |     2 |       ||     7
Armor: Scale mail        |    67 |   108 |    10 |       |       ||   185
       Ring mail         |       |       |    27 |       |       ||    27
       Chain mail        |       |       |   151 |   381 |   540 ||  1072
Dodge: Dodged            |    49 |    93 |   102 |   193 |   346 ||   783
Block: Buckler           |    18 |    51 |   288 |   671 |   434 ||  1462
       Reflection        |       |       |     9 |    17 |    59 ||    85
       Tower shield      |       |       |       |       |  1214 ||  1214

Table legend: (Time is in decaauts)
 A = Elapsed time spent in this place.
 B = Non-inter-level travel time spent in this place.
 C = Inter-level travel time spent in this place.
 D = Time resting spent in this place.
 E = Time spent auto-exploring this place.
 F = Levels seen in this place.
 G = Mean time per level.
                   A        B        C        D        E       F      G
               +--------+--------+--------+--------+--------+-----+--------+
         Total |  41384 |  38694 |   2690 |  18290 |  12675 |  26 | 1591.7 |
       Dungeon |  26900 |  24863 |   2037 |  10728 |   9115 |  15 | 1793.3 |
          Lair |   8734 |   8216 |    518 |   3750 |   3025 |   4 | 2183.5 |
         Swamp |   1264 |   1217 |     47 |    855 |    103 |   2 |  632.0 |
   Spider Nest |    409 |    409 |      0 |    118 |     76 |   1 |  409.0 |
  Orcish Mines |   3927 |   3841 |     86 |   2720 |    355 |   2 | 1963.5 |
        Depths |    142 |    142 |      0 |    118 |      0 |   1 |  142.0 |
      Ice Cave |      5 |      5 |      0 |      0 |      0 |   1 |    5.0 |
               +--------+--------+--------+--------+--------+-----+--------+

Top non-repeatable levels by time:
    D:10: 3457 daAuts
  Lair:2: 3426 daAuts
   Orc:1: 2824 daAuts
     D:8: 2792 daAuts
  Lair:1: 2363 daAuts
     D:9: 2360 daAuts
    D:14: 2330 daAuts
     D:3: 2128 daAuts
  Lair:3: 2114 daAuts
    D:12: 1911 daAuts
     D:1: 1784 daAuts
     D:5: 1618 daAuts
     D:6: 1593 daAuts
     D:2: 1473 daAuts
    D:13: 1250 daAuts
